 Dungeon Crawl Stone Soup version 0.22-a0-147-gfdd7f25 (webtiles) character file.

252 mhoghedin the Sneak (level 5, -4/25 HPs)
             Began as a Spriggan Warper on Feb 6, 2018.
             Was an Initiate of Gozag.
             Slain by an ogre
             ... wielding a +0 giant club
              (29 damage)
             ... on level 4 of the Dungeon.
             The game lasted 00:07:35 (3217 turns).

mhoghedin the Sneak (Spriggan Warper)               Turns: 3217, Time: 00:07:35

Health: -4/25      AC:  2    Str:  7    XL:     5   Next: 89%
Magic:  10/10      EV: 19    Int: 15    God:    Gozag
Gold:   298        SH:  0    Dex: 19    Spells: 2/9 levels left

rFire    . . .     SeeInvis +   o - +0 dagger (venom)
rCold    . . .     Gourm    .   (shield restricted)
rNeg     . . .     Faith    .   b - +0 robe
rPois    .         Spirit   .   (helmet restricted)
rElec    .         Reflect  .   (no cloak)
rCorr    .         Harm     .   (gloves unavailable)
MR       .....                  (boots unavailable)
Stlth    +++++.....             s - amulet of magic regeneration
HPRegen  0.08/turn              r - +3 ring of dexterity
MPRegen  0.37/turn              t - ring of stealth {Stlth+}

@: very quick
A: very small, unfitting armour, see invisible, herbivore, speed 3, slow
metabolism 2
a: Potion Petition, Call Merchant, Bribe Branch, Renounce Religion


You were on level 4 of the Dungeon.
You worshipped Gozag.
Gozag was aware of your devotion.
You were hungry.

You visited 1 branch of the dungeon, and saw 4 of its levels.

You collected 323 gold pieces.
You paid 25 gold pieces to Gozag.

Inventory:

Hand Weapons
 o - a +0 dagger of venom (weapon)
   (You took it off a goblin on level 1 of the Dungeon)
 w - a +2 dagger of freezing
   (You took it off an orc wizard on level 3 of the Dungeon)
Missiles
 e - 7 tomahawks of dispersal {=f}
 j - 7 tomahawks (quivered)
 u - a throwing net {=f, !d}
Armour
 b - a +0 robe (worn)
Jewellery
 k - a +2 ring of strength
   (You found it on level 2 of the Dungeon)
 r - a +3 ring of dexterity (left hand)
   (You found it on level 2 of the Dungeon)
 s - an amulet of magic regeneration (around neck)
   (You found it on level 2 of the Dungeon)
 t - a ring of stealth (right hand) {Stlth+}
   (You found it on level 2 of the Dungeon)
Scrolls
 a - 3 scrolls of enchant armour
 d - 3 scrolls of blinking {!r}
 l - 4 scrolls of teleportation
 q - 3 scrolls of remove curse {unknown}
 v - 2 scrolls of identify
Potions
 g - 3 potions of flight {unknown}
 h - 3 potions of curing
 i - 2 potions of might
 m - a potion of resistance
 n - a potion of cancellation
 p - 2 potions of lignification {!q}
Books
 c - a book of Spatial Translocations
Comestibles
 f - 5 rations


   Skills:
 - Level 1.5 Fighting
 + Level 5.0 Short Blades
 - Level 1.0 Throwing
 - Level 3.5 Dodging
 + Level 6.3 Stealth
 - Level 2.6 Spellcasting
 - Level 4.4 Translocations


You had 2 spell levels left.
You knew the following spells:

 Your Spells              Type           Power        Failure   Level  Hunger
a - Gell's Gravitas       Tloc           ###.......   10%         3    ###....
b - Blink                 Tloc           N/A          4%          2    ##.....
s - Shroud of Golubria    Chrm/Tloc      #.........   13%         2    ##.....


Dungeon Overview and Level Annotations

Branches:
Dungeon (4/15)
 Temple: D:4-7

Altars:
Dithmenos
Gozag
Qazlal

Annotations:
D:3 mortelune's ghost, amateur DsAK
D:4 wazuzu's ghost, novice GnWz


Innate Abilities, Weirdness & Mutations

You are very small and have problems with some larger weapons.
You are too small for most types of armour.
You have supernaturally acute eyesight. (SInv)
You are a herbivore.
You cover ground extremely quickly.
You need consume almost no food.


Message History

You take 12 damage, and have 13/25 hp.
MASSIVE DAMAGE!!
Unknown command.
Okay, then.
Unknown command.
You blink.
You are feeling hungry.
The orc hits you with a club!
* * * LOW HITPOINT WARNING * * *
You take 7 damage, and have 6/25 hp.
MASSIVE DAMAGE!!
You now have 8/10 mp.
The bat completely misses you. The orc priest misses you.
You see here a flail.
The bat closely misses you.
You see here a whip.
The orc priest looks braver for a moment.
The bat hits you.
* * * LOW HITPOINT WARNING * * *
You take 1 damage, and have 5/25 hp.
The bat closely misses you. The bat closely misses you.
The orc priest looks encouraged for a moment.
The bat completely misses you.
There is a stone staircase leading down here.
The bat barely misses you.
You climb downwards.
An adder and a player ghost come into view.
Found an escape hatch in the ceiling.
There is a stone staircase leading up here.
MP restored: 10
Okay, then.
Unknown command.
An adder comes into view.
The adder hisses angrily.
You hear an angry hiss.
As you read the scroll of teleportation, it crumbles to dust.
You feel strangely unstable.
A worm comes into view.
The adder completely misses you.
Your surroundings suddenly seem different.
A hound comes into view.
The helpless hound fails to defend itself.
You spit the hound like a pig!!!
You kill the hound!
Your Stealth skill increases to level 6!
You now have 281 gold pieces (gained 6).
You start resting.
Health restored: 25
x - a dented cameo amulet
Found a stone staircase leading down.
No target in view!
You remove your amulet of magic regeneration.
You feel a craving for the dungeon's cuisine.
x - an amulet of the gourmand (around neck)
You remove your amulet of the gourmand {Gourm, !d}.
You drop an uncursed amulet of the gourmand {Gourm, !d}.
The amulet hums as it attunes itself to your energized body.
s - an amulet of magic regeneration (around neck)
Okay, then.
You now have 287 gold pieces (gained 6).
There is a stone staircase leading down here.
You open the door.
Found a shadowy altar of Dithmenos.
v - 2 scrolls of identify (gained 1)
A worm comes into view.
The helpless worm fails to defend itself.
You perforate the worm like a sieve!!!
You kill the worm!
No target in view!
No target in view!
No target in view!
No target in view!
No target in view!
No target in view!
You now have 293 gold pieces (gained 6).
A worker ant comes into view.
A worker ant is nearby!
The helpless worker ant fails to defend itself.
You impale the worker ant!!
You kill the worker ant!
Your Short Blades skill increases to level 5!
No target in view!
No target in view!
No target in view!
You now have 298 gold pieces (gained 5).
An ogre comes into view. It is wielding a giant club.
The ogre shouts!
Okay, then.
Unknown command.
You hit the ogre. The ogre barely misses you.
You hit the ogre. You hit the ogre.
The ogre is poisoned.
The ogre misses you.
You hit the ogre but do no damage. You hit the ogre.
The ogre looks as sick as possible!
The ogre completely misses you.
You hit the ogre.
The ogre looks as sick as possible!
The ogre hits you with a giant club!!
Ouch! That really hurt!
You die...
Your body crumbles into a pile of gold.

#.#
#.......##.###.#
#.#
#.......#....#.#
#.......#.##.#.#
#.......+......#
#.........##.###
. #............#
...########.#####
.........##.#
.........##@#
.........##O#
............#
...########.#
...##### ##.#
........ #..#
.......##.##
.......#..#
.......#.##


You could see an ogre.

Vanquished Creatures
  A hound (D:4)
  An orc wizard (D:3)
  An orc priest (D:3)
  A bullfrog skeleton (D:2)
  A worker ant (D:4)
  3 gnolls (D:3)
  4 worms
  3 dart slugs
  3 leopard geckos
  4 orcs (D:3)
  5 bats
  3 giant cockroaches
  9 goblins
  7 hobgoblins
  5 jackals (D:1)
  2 quokkas (D:3)
  3 frilled lizards
  A kobold (D:3)
  5 rats
62 creatures vanquished.

Notes
Turn   | Place    | Note
-------+----------+-------------------------------------------
     0 | D:1      | mhoghedin the Spriggan Warper began the quest for the Orb.
     0 | D:1      | Reached XP level 1. HP: 10/10 MP: 5/5
     6 | D:1      | Noticed a black mamba
     6 | D:1      | Noticed a swamp drake
    49 | D:1      | Reached skill level 1 in Stealth
   118 | D:1      | Reached XP level 2. HP: 11/14 MP: 6/6
   187 | D:1      | Reached skill level 2 in Stealth
   239 | D:1      | Learned a level 2 spell: Blink
   389 | D:1      | Reached skill level 3 in Short Blades
   842 | D:1      | Reached skill level 3 in Stealth
   842 | D:1      | Reached XP level 3. HP: 6/18 MP: 8/8
  1316 | D:2      | Learned a level 3 spell: Gell's Gravitas
  1326 | D:2      | Learned a level 2 spell: Shroud of Golubria
  1465 | D:2      | Found an opulent altar of Gozag.
  1471 | D:2      | Became a worshipper of Gozag Ym Sagoz the Greedy
  1690 | D:2      | Reached skill level 4 in Stealth
  1711 | D:2      | Reached XP level 4. HP: 22/22 MP: 9/9
  1792 | D:2      | Found a stormy altar of Qazlal.
  2240 | D:3      | Reached skill level 4 in Short Blades
  2357 | D:3      | Reached skill level 5 in Stealth
  2377 | D:3      | Reached XP level 5. HP: 16/25 MP: 5/10
  2440 | D:3      | HP: 6/25 [poisoned by an orc]
  2744 | D:3      | Noticed mortelune's ghost (amateur DsAK)
  2845 | D:3      | HP: 6/25 [orc/club (7)]
  2854 | D:4      | Noticed wazuzu's ghost (novice GnWz)
  2866 | D:4      | Reached skill level 6 in Stealth
  3138 | D:4      | Found a shadowy altar of Dithmenos.
  3178 | D:4      | Reached skill level 5 in Short Blades
  3191 | D:4      | Noticed an ogre
  3217 | D:4      | Slain by an ogre

Vault maps used:
D:1:      onia_arrival_zoo_common
D:2:      marbit_many_paths, grunt_gozag_statues
D:4:      wad_lake_hut, kennysheep_mini

Skill      XL: |  1  2  3  4  5 |
---------------+----------------+-----
Stealth        | 1 3 4 5 6 |  6.3
Short Blades   | 3 4 5 |  5.0
Fighting       | |  1.5
Throwing       | |  1.0
Dodging        | |  3.5
Spellcasting   | |  2.6
Translocations | |  4.4

Action                   |  1- 3 |  4- 6 || total
-------------------------+-------+-------++-------
Melee: Short sword       |    76 |       ||    76
       Dagger            |    50 |    77 ||   127
Throw: Tomahawk          |     3 |     2 ||     5
 Cast: Gell's Gravitas   |       |     5 ||     5
       Blink             |       |     2 ||     2
  Use: Potion            |     1 |       ||     1
       Scroll            |     7 |     1 ||     8
 Stab: Sleeping          |     6 |    10 ||    16
       Distracted        |       |     4 ||     4
Armor: Robe              |     9 |     2 ||    11
Dodge: Dodged            |   104 |    65 ||   169

Table legend:
 A = Spawn XP
 B = Non-spawn XP
 C = Spawn XP percentage of total XP
 D = Spawn monster count
 E = Non-spawn monster count
 F = Spawn count percentage of total count
 G = Total turns spent on level
                    A         B        C        D         E        F      G
               +---------+---------+-------+---------+---------+-------+---------
         Total |       0 |     360 |   0.0 |       0 |      62 |   0.0 |  3217
               +---------+---------+-------+---------+---------+-------+---------
           D:1 |       0 |      41 |   0.0 |       0 |      20 |   0.0 |  1062
           D:2 |       0 |      74 |   0.0 |       0 |      15 |   0.0 |  1131
           D:3 |       0 |     164 |   0.0 |       0 |      24 |   0.0 |   661
           D:4 |       0 |      81 |   0.0 |       0 |       3 |   0.0 |   363
               +---------+---------+-------+---------+---------+-------+---------

Vault maps used:
D:1:      onia_arrival_zoo_common
D:2:      marbit_many_paths, grunt_gozag_statues
D:4:      wad_lake_hut, kennysheep_mini

Table legend:
 A = Turns spent in this place as a percentage of turns spent in the entire game.
 B = Non-inter-level travel turns spent in this place as a percentage of non-inter-level travel turns spent in the entire game.
 C = Inter-level travel turns spent in this place as a percentage of turns spent in this place.
 D = Turns resting spent in this place as a percentage of non-inter-level travel turns spent in this place.
 E = Turns spent auto-exploring this place as a percentage of non-inter-level travel turns spent in this place.
 F = Non-inter-level travel turns spent in this place divided by the number of levels of this place that you've seen.
                   A       B       C       D       E      F
               +-------+-------+-------+-------+-------+----------------------
         Total | 100.0 | 100.0 |   2.4 |  37.5 |  40.9 | 785.2
       Dungeon | 100.0 | 100.0 |   2.4 |  37.5 |  40.9 | 785.2
               +-------+-------+-------+-------+-------+----------------------

Table legend:
 A = Kills in this place as a percentage of kills in entire the game.
 B = Kills by you in this place as a percentage of kills by you in the entire game.
 C = Kills by friends in this place as a percentage of kills by friends in the entire game.
 D = Other kills in this place as a percentage of other kills in the entire game.
 E = Experience gained in this place as a percentage of experience gained in the entire game.
 F = Experience gained in this place divided by the number of levels of this place that you have seen.
                   A       B       C       D       E      F
               +-------+-------+-------+-------+-------+----------------------
         Total | 100.0 | 100.0 |   N/A |   N/A | 100.0 |  90.0
       Dungeon | 100.0 | 100.0 |   N/A |   N/A | 100.0 |  90.0
               +-------+-------+-------+-------+-------+----------------------
